 Dungeon Crawl Stone Soup version 0.21-a0-91-ga5031da (webtiles) character file.

403 HAL9000 the Vexing (level 6, 0/28 HPs)
             Began as a Vine Stalker Enchanter on June 30, 2017.
             Was an Initiate of Dithmenos.
             Slain by an adder (1 damage)
             ... on level 5 of the Dungeon.
             The game lasted 00:11:44 (5345 turns).

HAL9000 the Vexing (Vine Stalker Enchanter)         Turns: 5345, Time: 00:11:45

Health: 0/28       AC:  3    Str: 13    XL:     6   Next: 86%
Magic:  0/10       EV: 12    Int: 15    God:    Dithmenos [......]
Gold:   286        SH:  0    Dex: 14    Spells: 3/9 levels left

rFire    . . .     SeeInvis .   a - +1 dagger
rCold    . . .     Gourm    .   (no shield)
rNeg     . . .     Faith    .   z - +0 robe
rPois    .         Spirit   +   (no helmet)
rElec    .         Reflect  .   r - +0 cloak
rCorr    .         Harm     .   (no gloves)
MR       .....                  (no boots)
Stlth    ++........             (no amulet)
HPRegen  0.49/turn              (no ring)
MPRegen  0.12/turn              (no ring)

@: lethally poisoned (0 -> -1), drained
A: fangs 2, regeneration 1, magic shield, antimagic bite, no potion heal 3, rot
immunity
a: Renounce Religion


You were on level 5 of the Dungeon.
You worshipped Dithmenos.
Dithmenos was noncommittal.
You were not hungry.

You visited 1 branch of the dungeon, and saw 5 of its levels.

You collected 286 gold pieces.

Inventory:

Hand Weapons
 a - a +1 dagger (weapon)
 b - a +0 blowgun
Missiles
 h - 5 poisoned javelins (quivered)
 A - 7 curare-tipped needles
Armour
 r - a +0 cloak (worn)
 z - a +0 robe (worn)
Scrolls
 e - 5 scrolls of remove curse
 f - 5 scrolls of identify
 q - a scroll of noise
 u - 2 scrolls of fear {unknown}
 x - a scroll of magic mapping {unknown}
 B - 2 scrolls of amnesia {unknown}
Potions
 j - 3 potions of curing
 o - a potion of haste
 w - a potion of cancellation
Books
 c - a book of Maledictions

   Spells                             Type                      Level
   a - Corona                         Hexes                        1
   b - Ensorcelled Hibernation        Hexes/Ice                    2
   c - Confuse                        Hexes                        3
   d - Tukima's Dance                 Hexes                        3
   e - Dazzling Spray                 Conjuration/Hexes            3
Comestibles
 d - 2 bread rations
 l - a meat ration
 p - 3 fruits
 C - a royal jelly


   Skills:
 + Level 4.2(3.9) Short Blades
 - Level 1.5(1.3) Dodging
 - Level 3.6(3.3) Stealth
 - Level 2.1(1.9) Spellcasting
 + Level 5.8(5.5) Hexes


You had 3 spell levels left.
You knew the following spells:

 Your Spells              Type           Power        Failure   Level  Hunger
a - Corona                Hex            ###....      2%          1    ##.....
x - Confuse               Hex            ###.....     7%          3    ####...
z - Ensorcelled Hibernat  Hex/Ice        #.....       11%         2    ###....


Dungeon Overview and Level Annotations

Branches:
Dungeon (5/15)             Temple (0/1) D:4

Altars:
Ashenzari
Dithmenos
Gozag
Kikubaaqudgha
Nemelex Xobeh
Sif Muna
Trog
Uskayaw
Wu Jian

Shops:
D:4 %   D:5 (

Annotations:
D:5 Edmund


Innate Abilities, Weirdness & Mutations

You have extremely sharp teeth.
Your natural rate of healing is unusually fast.
When hurt, damage is shared between your health and your magic reserves.
Your bite disrupts and absorbs the magic of your enemies.
Potions cannot restore your health.
You are immune to rotting.


Message History

Unknown command.
The adder bites you.
* * * LOW HITPOINT WARNING * * *
You feel sick.
An orc comes into view. It is wielding a falchion.
You feel sick.
Edmund hits you with a flail of draining.
* * * LOW HITPOINT WARNING * * *
You feel drained. The adder barely misses you. x2
* * * LOW HITPOINT WARNING * * *
You feel sick.
As you read the scroll labeled AFRACA GEIS, it crumbles to dust.
It is a scroll of enchant weapon.
Really abort (and waste the scroll)? [Y]es or [N]o only, please.
Really abort (and waste the scroll)?
Okay, then.
The adder bites you.
You die...

#...... #.....##....##..###
#.....@ ##.###.###.#.###.!.#
#...... #.......##<#.#####..
#...... #.......##....# ##.
..... #..#+#..###.#.## #.
####..###..+∩'..# #.#..####.
##.......#..#'#..#
#.##.#....
#........o......##
#.##...### .../........@...#
##..#..##
..........@S###.###......#
.........J..##......#.##.###
#<.........[.....####.#.....
.....#...###.....##.....#.##
........#######..#..#...#.#
...........>##...†.####.#.#
#..#####.........### #.#.#
.. ......##......######...


You could see Edmund, a jelly (inner flame), an adder (inner flame) and an orc.

Vanquished Creatures
  2 howler monkeys
  A hound (D:5)
  A bullfrog skeleton (D:4)
  2 centaur skeletons (D:4)
  Terence (D:2)
  A worker ant (D:4)
  7 adders
  2 oozes (D:3)
  2 worms
  3 leopard geckos
  An orc (D:4)
  15 bats
  A giant cockroach (D:5)
  9 goblins
  8 hobgoblins
  4 jackals
  8 kobolds
  4 quokkas
  6 frilled lizards
  A quokka skeleton (D:4)
  5 rats
84 creatures vanquished.

Notes
Turn   | Place    | Note
-------+----------+-------------------------------------------
     0 | D:1      | HAL9000 the Vine Stalker Enchanter began the quest for the Orb.
     0 | D:1      | Reached XP level 1. HP: 9/9 MP: 4/4
    15 | D:1      | Reached skill level 1 in Short Blades
   164 | D:1      | Reached XP level 2. HP: 11/13 MP: 6/6
  1415 | D:1      | Reached XP level 3. HP: 14/16 MP: 7/7
  1555 | D:1      | Learned a level 2 spell: Ensorcelled Hibernation
  1559 | D:1      | Learned a level 3 spell: Confuse
  1911 | D:2      | Reached skill level 4 in Hexes
  1986 | D:2      | Found an opulent altar of Gozag.
  1986 | D:2      | Found a sparkling altar of Nemelex Xobeh.
  2034 | D:2      | Gained mutation: Your natural rate of healing is unusually fast. [Vine Stalker growth]
  2034 | D:2      | Reached XP level 4. HP: 18/21 MP: 6/8
  2268 | D:2      | Noticed Terence
  2327 | D:2      | Killed Terence
  2459 | D:2      | Found a shattered altar of Ashenzari.
  2459 | D:2      | Found a bloodstained altar of Trog.
  2459 | D:2      | Found a deep blue altar of Sif Muna.
  3062 | D:2      | Found an ancient bone altar of Kikubaaqudgha.
  3062 | D:2      | Found an ornate altar of the Wu Jian Council.
  3063 | D:2      | Found a hide-covered altar of Uskayaw.
  3259 | D:3      | Reached XP level 5. HP: 22/24 MP: 9/9
  3775 | D:3      | Found a shadowy altar of Dithmenos.
  3780 | D:3      | Became a worshipper of Dithmenos the Shadowed
  3988 | D:4      | Found Virooni's Food Shop.
  4024 | D:4      | Reached skill level 5 in Hexes
  4068 | D:4      | Found a staircase to the Ecumenical Temple.
  4128 | D:4      | Reached XP level 6. HP: 16/28 MP: 10/10
  5028 | D:5      | Entered Level 5 of the Dungeon
  5066 | D:5      | Found Lebiff's Weapon Emporium.
  5073 | D:5      | Noticed an ice beast
  5076 | D:5      | Noticed Edmund
  5342 | D:5      | HP: 1/28 [Edmund/flail of draining (2)]
  5345 | D:5      | Slain by an adder

Vault maps used:
D:1:      minmay_arrival_four_houses, chequers_big_river
D:2:      grunt_temple_overflow_opulence, gammafunk_temple_overflow_claw,
          minitemple, hangedman_feature_mirror, uniq_terence
D:3:      grunt_dithmenos_smoke
D:4:      minmay_temple_entry_enclosed_plants, first_bread, serial_shops,
          shop_statue
D:5:      serial_shops, kennysheep_mini_moat, uniq_edmund

Skill      XL: |  1  2  3  4  5  6 |
---------------+-------------------+-----
Short Blades   | 1 2 3 4 |  4.2
Hexes          | 4 5 |  5.8
Dodging        | |  1.5
Stealth        | |  3.6
Spellcasting   | |  2.1

Action                   |  1- 3 |  4- 6 || total
-------------------------+-------+-------++-------
Melee: Dagger            |    87 |   283 ||   370
       Bite              |    20 |    66 ||    86
 Fire: Blowgun           |       |     5 ||     5
 Cast: Corona            |     1 |       ||     1
       Ensorcelled Hiber |     3 |     3 ||     6
       Confuse           |       |     4 ||     4
  Use: Potion            |       |     1 ||     1
       Scroll            |       |     9 ||     9
 Stab: Sleeping          |     4 |    13 ||    17
       Confused          |       |     1 ||     1
  Eat: Chunk             |     3 |    12 ||    15
Armor: Robe              |    11 |    74 ||    85
Dodge: Dodged            |    40 |   171 ||   211
